 Dungeon Crawl Stone Soup version 0.29.1-2-gbd0b4ee654 (webtiles) character file.

Game seed: 4664706837566757986

219 styxcanada the Covert (level 5, 0/27 HPs)
             Began as a Spriggan Brigand on Nov 16, 2022.
             Slain by a goblin
             ... wielding a +0 club
              (1 damage)
             ... on level 4 of the Dungeon on Nov 17, 2022.
             The game lasted 00:13:26 (3867 turns).

styxcanada the Covert (Spriggan Brigand)            Turns: 3867, Time: 00:13:27

Health: 0/27       AC:  3    Str:  7    XL:     5   Next: 64%
Magic:  15/15      EV: 17    Int: 13    God:
Gold:   141        SH:  0    Dex: 18    Spells: 4/4 levels left

rFire   . . .      SeeInvis +   l - +3 dagger (drain)
rCold   . . .      Faith    .   (no shield)
rNeg    . . .      Spirit   .   b - +0 robe
rPois   .          Reflect  .   (helmet restricted)
rElec   .          Harm     .   c - +0 cloak
rCorr   .          Rampage  .   (gloves unavailable)
Will    .....                   (boots unavailable)
Stlth   ++++......              (no amulet)
HPRegen 0.09/turn               p - ring of magical power
MPRegen 0.14/turn               (no ring)

@: very quick
A: very small, no large weapons, unfitting armour, see invisible, speed 3
a: no special abilities


You were on level 4 of the Dungeon.
You visited 1 branch of the dungeon, and saw 4 of its levels.

You collected 141 gold pieces.

Inventory:

Hand Weapons
 a - a +2 dagger
 l - a +3 dagger of draining (weapon)
Missiles
 d - 13 poisoned darts (quivered)
 e - 2 curare-tipped darts
 f - 28 stones
 g - 2 throwing nets
Armour
 b - a +0 robe (worn)
 c - a +0 cloak (worn)
Jewellery
 p - a ring of magical power (left hand)
Scrolls
 i - a scroll of immolation
 q - a scroll of magic mapping
Potions
 h - a potion of cancellation {unknown}
 j - 2 potions of curing
 m - a potion of invisibility
 n - 2 potions of heal wounds
 o - a potion of might {unknown}
 s - a potion of mutation {unknown}
 u - a potion of attraction {unknown}


   Skills:
 * Level 2.4 Fighting
 + Level 2.8 Short Blades
 + Level 2.6 Throwing
 * Level 2.6 Dodging
 * Level 8.8 Stealth


You had 4 spell levels left.
You didn't know any spells.
Your spell library was empty.

Dungeon Overview and Level Annotations

Branches:
Dungeon (4/15)
 Temple: D:4-7

Altars:
Dithmenos

Shops:
D:1 (


Innate Abilities, Weirdness & Mutations

You are very small and have problems with some larger weapons.
You are too small for most types of armour.
You have supernaturally acute eyesight. (SInv)
You cover ground extremely quickly. (Speed+++)


Message History

You start resting.
HP restored.
Okay, then.
There is a stone staircase leading down here.
You climb downwards.
There is a stone staircase leading up here.
You closely miss the phantom. The phantom closely misses you.
You hit the phantom.
The phantom is moderately damaged.
The phantom hits you.
The phantom blinks!
You blink.
The phantom hits you.
You hit the phantom.
The phantom is moderately damaged.
The phantom closely misses you.
You completely miss the phantom.
The phantom is moderately damaged.
You hit the phantom.
The phantom is moderately damaged.
The phantom misses you.
You hit the phantom but do no damage.
The phantom is moderately damaged.
The goblin shouts!
The goblin unwields a +0 club.
The goblin wields a +0 sling.
The goblin shoots a sling bullet.
The sling bullet completely misses you. The phantom completely misses you.
You hit the phantom.
The phantom is heavily damaged.
The phantom hits you.
The phantom blinks!
You blink.
You barely miss the goblin. The phantom completely misses you.
The goblin unwields a +0 sling.
The goblin wields a +0 club.
The goblin hits you with a +0 club.
You miss the goblin. The phantom closely misses you.
You closely miss the goblin. The goblin closely misses you.
The phantom barely misses you.
You barely miss the goblin. The goblin hits you with a +0 club.
* * * LOW HITPOINT WARNING * * *
The phantom hits you.
* * * LOW HITPOINT WARNING * * *
You completely miss the goblin. The goblin hits you with a +0 club.
You die...

.........#......
................ .
.........#......
...#########......
###.#########......
#.......<..##......
######..........###.....
.......Wg.......# ##....
#.@........# #####
############


You could see a phantom and a goblin.

Vanquished Creatures
  An orc priest (D:3)
  Jessica (D:2)
  An iguana (D:4)
  An adder (D:3)
  3 gnolls (D:2)
  2 worms (D:2)
  3 dart slugs
  4 orcs (D:3)
  8 ball pythons
  7 bats
  4 endoplasms
  3 giant cockroaches
  8 goblins
  11 hobgoblins
  3 jackals (D:1)
  3 quokkas
  7 frilled lizards
  10 kobolds
  5 rats
85 creatures vanquished.

Notes
Turn   | Place    | Note
-------+----------+-------------------------------------------
     0 | D:1      | styxcanada the Spriggan Brigand began the quest for the
                  | Orb.
     0 | D:1      | Reached XP level 1. HP: 10/10 MP: 2/2
    45 | D:1      | Found a faded altar of an unknown god.
    54 | D:1      | Reached skill level 6 in Stealth
   463 | D:1      | Reached XP level 2. HP: 12/15 MP: 3/3
   654 | D:1      | Found Pinesokh's Antique Weapon Emporium.
   984 | D:1      | Reached XP level 3. HP: 13/18 MP: 4/4
  1215 | D:1      | Reached skill level 7 in Stealth
  1520 | D:2      | Reached XP level 4. HP: 5/23 MP: 5/5
  2467 | D:2      | Noticed Jessica
  2471 | D:2      | Killed Jessica
  2635 | D:2      | Reached skill level 8 in Stealth
  2867 | D:3      | Reached XP level 5. HP: 22/26 MP: 6/6
  3252 | D:3      | Found a shadowy altar of Dithmenos.
  3853 | D:4      | Noticed a phantom
  3866 | D:4      | HP: 1/27 [phantom (6)]
  3867 | D:4      | Slain by a goblin

Illustrated notes

Levels and vault maps discovered:
D:1:      dpeg_arrival_oval, layout_loops_ring, serial_shops,
          nicolae_diamond_shop, basic_ecumenical_altar
D:2:      layout_basic, uniq_jessica
D:3:      layout_rooms, nicolae_dithmenos_shadow_blocks
D:4:      layout_rooms, nicolae_titane, uniq_edmund

Skill      XL: |  1  2  3  4 |
---------------+-------------+-----
Stealth        | 6 7 8 |  8.8
Fighting       | 2 |  2.4
Dodging        | 2 |  2.6
Short Blades   | |  2.8
Throwing       | |  2.6

Action                   |  1- 3 |  4- 6 || total
-------------------------+-------+-------++-------
Melee: Dagger            |    87 |    99 ||   186
       Punch             |       |     1 ||     1
Throw: Dart              |    15 |    30 ||    45
  Use: Scroll            |       |     9 ||     9
 Stab: Sleeping          |     4 |    16 ||    20
Armor: Robe              |    12 |     6 ||    18
Dodge: Dodged            |    59 |    57 ||   116
